 Dungeon Crawl Stone Soup version 0.27.1-1-g398f81649c (webtiles) character file.

Game seed: 3280700662297708206

32 Descartes the Covert (level 3, -3/17 HPs)
             Began as a Felid Delver on Sept 18, 2021.
             Slain by an ogre (20 damage)
             ... on level 5 of the Dungeon.
             The game lasted 00:00:30 (119 turns).

Descartes the Covert (Felid Delver)                  Turns: 119, Time: 00:00:31

Health: -3/17      AC:  1    Str:  8    XL:     3   Next: 10%
Magic:  4/4        EV: 17    Int: 11    God:
Gold:   27         SH:  0    Dex: 18    Spells: 2/2 levels left
                                        Lives:  0   Deaths: 0

rFire    . . .     SeeInvis +     - Unarmed
rCold    . . .     Faith    .   (shield unavailable)
rNeg     . . .     Spirit   .   (armour unavailable)
rPois    .         Reflect  .   (helmet unavailable)
rElec    .         Harm     .   (cloak unavailable)
rCorr    .         Rampage  .   (gloves unavailable)
Will     .....                  (boots unavailable)
Stlth    ++++......             (no amulet)
HPRegen  0.05/turn              (no ring)
MPRegen  0.09/turn              (no ring)

@: quick
A: very small, claws 1, fangs 3, see invisible, speed 1, shaggy fur 1, stealthy
paws, no weapons or thrown items, no armour, multi-lived
a: no special abilities


You were on level 5 of the Dungeon.
You visited 1 branch of the dungeon, and saw 1 of its levels.

You collected 27 gold pieces.

Inventory:

Wands
 e - a wand of digging (3)
Scrolls
 a - a scroll of fog
 b - a scroll of magic mapping
 c - a scroll of fear
 f - a scroll of identify {unknown}
Potions
 d - a potion of haste


   Skills:
 - Level 3.0 Fighting
 - Level 2.6 Dodging
 + Level 8.0 Stealth
 - Level 2.0 Unarmed Combat


You had 2 spell levels left.
You didn't know any spells.
Your spell library was empty.

Dungeon Overview and Level Annotations

Branches:
Dungeon (5/15)
 Temple: D:4-7

Altars:
Nemelex Xobeh


Innate Abilities, Weirdness & Mutations

You have sharp claws.
You have razor-sharp teeth.
You have supernaturally acute eyesight. (SInv)
You cover ground quickly. (Speed+)
You are covered in fur. (AC +1)
Your paws help you pounce on unaware monsters.
You are incapable of wielding weapons or throwing items.
You cannot wear armour.
You gain extra lives every three experience levels.


Message History

You kill the hound!
Your Stealth skill gained 2 levels and is now at level 8!
You have reached level 2!
You have reached level 3!
Your experience leads to an increase in your attributes!
Increase (S)trength, (I)ntelligence, or (D)exterity?
You feel agile.
An ogre comes into view. It is wielding a +0 giant spiked club.
An ufetubus comes into view.
The ogre shouts!
You hear a shout!
The ogre barely misses you.
You scratch the ogre.
The ogre is moderately wounded.
You barely miss the ogre. You bite the ogre.
The ogre is moderately wounded.
The ogre misses you.
You scratch the ogre.
The ogre is heavily wounded.
The ogre barely misses you.
You scratch the ogre but do no damage.
The ogre is heavily wounded.
You scratch the ogre.
The ogre is heavily wounded.
The ogre barely misses you.
You scratch the ogre.
The ogre is severely wounded.
The ogre completely misses you.
You completely miss the ogre.
The ogre is severely wounded.
The ogre closely misses you.
You barely miss the ogre.
The ogre is severely wounded.
You scratch the ogre.
The ogre is severely wounded.
The ogre barely misses you.
You closely miss the ogre. Your bite misses the ogre.
The ogre is severely wounded.
The ogre hits you with a +0 giant spiked club!!
Ouch! That really hurt!
You die...

#...## ###
#..... ..
#....#..
#5...#.
#.....
#..#.#
#..#5#
#..#O#
#..#@#
#....#
#^..##
#...#
#...#
#...#
#...#
#...#
#...######


You could see an ogre and an ufetubus.

Vanquished Creatures
  A hound (D:5)
  A dart slug (D:5)
2 creatures vanquished.

Notes
Turn   | Place    | Note
-------+----------+-------------------------------------------
     0 | D:5      | Descartes the Felid Delver began the quest for the Orb.
     0 | D:5      | Reached XP level 1. HP: 10/10 MP: 2/2
    16 | D:5      | Found a sparkling altar of Nemelex Xobeh.
    91 | D:5      | Noticed a hound
    98 | D:5      | Killed a hound
    99 | D:5      | Reached skill level 8 in Stealth
    99 | D:5      | Reached XP level 2. HP: 14/14 MP: 3/3
    99 | D:5      | Reached XP level 3. HP: 17/17 MP: 4/4
   102 | D:5      | Noticed an ogre
   119 | D:5      | Slain by an ogre

Illustrated notes

Levels and vault maps discovered:
D:5:      layout_basic, mainiacjoe_overflow_tiny_flanked,
          mainiacjoe_overflow_catwalk, gammafunk_ghost_necromancy

Skill      XL: |  1 |
---------------+----+-----
Stealth        | 8 |  8.0
Fighting       | |  3.0
Dodging        | |  2.6
Unarmed Combat | |  2.0

Action                   || total
-------------------------++-------
Melee: Unarmed           ||    14
       Bite              ||     2
 Stab: Sleeping          ||     1
Dodge: Dodged            ||     8
